Map: Ever Dream LE

Players

MidowWine

  • Race: Terran Terran
  • League: Silver
  • Spawn Location: 1:00

Massa - Winner!

  • Race: Terran Terran
  • League: Gold
  • Spawn Location: 7:00

VOD

Have the link to the VOD?

Description

Time

  • Played on: Sept. 1, 2020, 1:18 p.m.
  • Length: 18:07
Show
View Real Time Build Order
Export as new Build Order

MidowWine Terran 

Build Orders:  

Get SALT Encoding   

  12  0:02  SCV  
  14  0:14  SCV  
  14  0:19  Supply Depot  
  14  0:25  Refinery  
  14  0:35  SCV  
  15  0:42  Barracks  
  15  0:48  SCV  
  16  1:00  SCV  
  17  1:12  SCV  
  18  1:24  SCV  
  19  1:34  Command Center  
  19  1:36  Marine  
  20  1:47  Supply Depot  
  20  1:54  SCV  
  21  2:02  Factory  
  21  2:13  Barracks Reactor  
  21  2:20  Barracks  
  21  2:27  Bunker  
  21  2:39  Orbital Command  
  21  2:51  Marine  
  21  2:52  Marine  
  21  2:56  Factory Tech Lab  
  23  3:00  Orbital Command  
  23  3:07  Barracks Reactor  
  23  3:12  SCV, Engineering Bay  
  24  3:22  Siege Tank  
  27  3:28  SCV  
  27  3:30  Marine  
  27  3:31  Marine  
  30  3:41  SCV x2  
  30  3:43  Marine  
  30  3:44  Marine  
  30  3:48  Terran Infantry Weapons Level 1  
  34  3:51  Marine x2  
  36  4:03  Factory Reactor  
  35  4:15  Marine x2  
  35  4:16  Marine  
  36  4:22  SCV x2  
  38  4:33  Barracks  
  38  4:36  Stimpack  
  38  4:52  Barracks  
  38  4:55  Marine x2  
  38  4:56  Marine  
  38  4:59  SCV x2  
  43  5:08  Factory Tech Lab  
  43  5:14  Marine x3  
  46  5:28  Supply Depot  
  46  5:32  Supply Depot  
  46  5:38  Command Center  
  46  5:47  Supply Depot  
  46  5:49  Marine x7  
  53  5:51  Terran Infantry Armor Level 1  
  53  6:00  Supply Depot  
  53  6:03  Siege Tank  
  56  6:06  SCV  
  56  6:07  Refinery, Marine x2  
  56  6:08  SCV  
  60  6:13  Marine  
  60  6:14  Marine  
  60  6:17  Marine  
  60  6:18  Marine  
  64  6:20  Marine  
  65  6:26  Missile Turret  
  65  6:31  Missile Turret  
  65  6:34  Marine  
  65  6:35  Marine x3  
  65  6:37  Combat Shield  
  69  7:02  Marine x2  
  69  7:03  Marine x5  
  76  7:12  Starport  
  76  7:18  Siege Tank  
  76  7:20  Marine x3  
  76  7:21  Orbital Command, Marine  
  83  7:23  SCV x2  
  83  7:27  Marine x3  
  88  7:41  Marine x4  
  92  7:51  Marine  
  93  8:01  Supply Depot  
  93  8:11  Supply Depot  
  93  8:15  Starport Reactor  
  93  8:20  Supply Depot  
  93  8:23  SCV x2, Marine x6  
  93  8:25  Supply Depot  
  101  8:33  SCV, Marine, Siege Tank  
  106  8:40  Marine x3  
  109  8:42  Armory  
  103  8:49  Marine  
  103  8:50  Marine x3  
  73  9:12  Medivac x2  
  73  9:19  SCV  
  73  9:24  Marine x5  
  74  9:29  Supply Depot  
  79  9:32  Marine  
  79  9:33  Marine  
  81  9:42  Medivac  
  83  9:50  Medivac  
  85  9:55  Marine x6  
  91  10:08  SCV x3  
  91  10:10  Marine  
  91  10:12  Marine  
  91  10:13  Marine  
  97  10:17  Marine x3  
  97  10:18  Marine  
  97  10:20  SCV x2  
  90  10:46  Marine x3  
  90  10:47  Marine x4  
  71  10:58  Siege Tank  
  71  11:02  Medivac x2  
  72  11:04  SCV x3, Marine x4  
  79  11:11  Marine x2  
  79  11:12  Marine  
  82  11:23  Marine  
  82  11:24  Marine x3  
  86  11:29  Marine x2  
  86  11:31  Barracks  
  88  11:33  Siege Tank  
  88  11:35  SCV x2  
  88  11:36  SCV, Barracks  
  94  11:40  Marine  
  94  11:41  Marine x2  
  94  11:42  Marine x2  
  97  11:47  Marine  
  98  11:54  Marine  
  98  11:57  Marine  
  98  11:59  Marine  
  100  12:05  Siege Tank  
  98  12:23  Marine x5  
  98  12:24  Marine  
  98  12:26  Barracks Reactor x2  
  104  12:36  Marine  
  78  12:41  Marine x2  
  70  12:48  Marine x4  
  71  12:54  Marine  
  72  12:58  Marine  
  72  12:59  Marine  
  72  13:00  SCV x3  
  77  13:10  Refinery  
  77  13:12  Refinery, SCV x2, Marine  
  79  13:13  Marine x5  
  79  13:18  Marine x3  
  88  13:21  Siege Tank  
  88  13:23  SCV  
  88  13:24  Terran Infantry Weapons Level 2  
  92  13:29  Engineering Bay  
  92  13:31  Marine x2  
  92  13:32  Refinery, Marine x4  
  92  13:33  Medivac  
  100  13:38  SCV x3  
  103  13:42  Medivac  
  103  13:43  Marine  
  103  13:45  Marine  
  103  13:47  Marine  
  108  13:48  Marine  
  108  13:50  Marine  
  110  14:00  SCV x3  
  110  14:01  Marine x3  
  116  14:08  Marine x6  
  116  14:09  Marine  
  123  14:40  Marine  
  123  14:41  Marine x6  
  123  14:42  Marine x3  
  133  14:45  Marine  
  126  14:58  Marine  
  126  14:59  Marine x6  
  133  15:07  Supply Depot  
  133  15:08  Marine x2  
  133  15:12  Supply Depot  
  133  15:24  Marine  
  133  15:25  Marine x8, Medivac x2, Siege Tank  
  149  15:34  Terran Infantry Armor Level 2  
  149  15:35  Marine x2, Supply Depot  
  151  15:42  Marine  
  120  15:57  Supply Depot, Siege Tank  
  120  16:01  Marine x3  
  120  16:02  Marine x6  
  97  16:05  Medivac x2  
  101  16:17  Marine  
  101  16:18  Marine  
  103  16:21  Marine x4  
  103  16:22  Marine x5  
  102  16:35  Marine  
  102  16:37  Marine  
  102  16:39  Marine x5  
  100  16:40  Marine x3  
  100  16:41  Marine  
  104  16:53  Marine  
  103  16:55  Marine  
  103  16:56  Marine  
  103  16:57  Liberator x2, Marine x2  
  103  16:58  Marine x2  
  111  17:02  Marine x2  
  113  17:11  Marine x2  
  113  17:12  Marine x2  
  117  17:24  Marine x4  
  117  17:25  Marine x3  
  117  17:29  Marine  
  125  17:32  Marine x2  
  125  17:36  Marine  
  124  17:42  Marine x3  
Show
View Real Time Build Order
Export as new Build Order

Massa Terran - Winner!

Build Orders: Gas First Reaper Expand 

Get SALT Encoding   

  12  0:00  SCV  
  13  0:12  SCV  
  14  0:20  Supply Depot  
  14  0:25  SCV  
  15  0:30  Refinery  
  15  0:44  Barracks  
  15  0:45  SCV  
  16  0:57  SCV  
  16  1:02  Refinery  
  17  1:09  SCV  
  18  1:33  Reaper  
  19  1:43  Command Center  
  19  1:46  SCV  
  20  2:03  Factory  
  20  2:05  SCV  
  20  2:07  Reaper  
  22  2:18  Orbital Command  
  22  2:39  Reaper  
  23  2:55  SCV, Hellion, Supply Depot  
  26  3:02  Supply Depot  
  26  3:04  Orbital Command  
  26  3:07  SCV  
  27  3:16  Hellion  
  27  3:17  Supply Depot  
  27  3:19  SCV  
  30  3:20  Barracks Tech Lab  
  30  3:26  Supply Depot  
  30  3:30  SCV  
  30  3:31  SCV  
  32  3:41  Factory Tech Lab  
  32  3:42  SCV  
  32  3:46  Starport  
  33  3:56  Barracks  
  33  3:59  Marauder  
  33  4:21  Marauder  
  33  4:24  SCV x2  
  32  4:26  Viking  
  34  4:34  Command Center  
  34  4:36  Barracks  
  34  4:43  Engineering Bay  
  34  4:45  Engineering Bay  
  34  4:52  SCV x2  
  36  4:56  Medivac  
  36  4:57  Refinery  
  38  5:04  SCV x2  
  38  5:07  Marauder  
  42  5:09  Barracks Reactor  
  42  5:24  Siege Tank  
  42  5:28  Marauder  
  47  5:37  SCV x2  
  47  5:38  Refinery  
  49  5:45  Orbital Command  
  49  5:47  Terran Infantry Armor Level 1  
  49  5:49  SCV x2  
  51  5:51  Stimpack  
  51  5:56  Widow Mine  
  53  6:01  SCV  
  53  6:04  SCV  
  55  6:09  Marauder, Marine x2  
  60  6:13  Barracks Reactor, SCV  
  60  6:16  SCV  
  60  6:17  Viking  
  64  6:25  SCV  
  64  6:27  Marine x2  
  64  6:28  Widow Mine  
  64  6:31  Marauder  
  64  6:32  Terran Infantry Weapons Level 1  
  70  6:36  SCV  
  70  6:37  SCV  
  72  6:48  SCV  
  72  6:49  SCV  
  72  6:52  Marauder  
  76  6:58  Refinery  
  76  7:00  SCV, Marine, Supply Depot  
  76  7:01  Orbital Command, Marine x3  
  79  7:02  SCV  
  79  7:08  Siege Tank  
  85  7:21  SCV, Marine x3, Medivac  
  85  7:22  Marauder  
  93  7:23  Supply Depot  
  93  7:24  Armory  
  93  7:27  Missile Turret  
  93  7:32  Missile Turret  
  93  7:33  Missile Turret  
  93  7:45  Marauder, Marine x4  
  93  7:46  Supply Depot  
  99  7:51  Viking  
  101  8:10  Supply Depot  
  103  8:20  Marauder, Marine x4  
  103  8:21  Medivac  
  107  8:31  Siege Tank, Supply Depot  
  110  8:38  Marine x4  
  110  8:40  Supply Depot  
  116  8:41  Marauder  
  116  8:52  Medivac  
  116  8:54  Supply Depot  
  118  8:56  Marine x4  
  124  9:03  Marauder, Siege Tank  
  124  9:04  Supply Depot  
  123  9:11  SCV x2  
  123  9:12  SCV  
  111  9:17  Supply Depot  
  111  9:23  SCV x2  
  111  9:24  SCV, Marauder  
  116  9:26  Factory  
  116  9:27  Supply Depot  
  116  9:29  Terran Vehicle Weapons Level 1  
  116  9:30  Terran Infantry Armor Level 2, Terran Infantry Weapons Level 2  
  116  9:35  SCV, Siege Tank  
  116  9:36  SCV x2  
  122  9:39  Missile Turret  
  122  9:40  Missile Turret, Supply Depot  
  122  9:53  Supply Depot  
  122  9:54  Supply Depot  
  122  9:57  Command Center  
  122  10:01  Missile Turret  
  122  10:02  Missile Turret, Supply Depot  
  122  10:03  Viking  
  122  10:05  Sensor Tower  
  124  10:07  Starport  
  124  10:12  Factory Tech Lab  
  127  10:14  Siege Tank  
  127  10:17  Marauder, Marine, Supply Depot  
  127  10:18  Supply Depot  
  130  10:21  Missile Turret  
  130  10:22  Marine x3  
  133  10:33  Barracks, Viking  
  133  10:35  Marine  
  135  10:39  Marauder  
  135  10:40  Marine x3  
  135  10:41  Supply Depot  
  115  10:53  Marine  
  93  10:57  Marine  
  93  10:58  Marine x2  
  93  11:00  Marauder  
  98  11:06  Sensor Tower  
  98  11:08  Refinery  
  98  11:11  Marine  
  98  11:15  Marine  
  100  11:21  Marauder  
  100  11:24  Barracks Tech Lab  
  102  11:43  Marauder  
  102  11:45  Concussive Shells  
  104  11:49  Combat Shield  
  104  11:52  Marauder, Marine  
  104  11:53  Marine x2  
  109  12:04  Marauder  
  111  12:14  Marauder  
  113  12:25  Marauder  
  113  12:29  Marine x3  
  116  12:31  Viking x2  
  116  12:35  Marauder  
  124  12:47  Marauder  
  124  12:57  Marauder  
  126  13:01  Viking x2  
  130  13:07  Marine  
  130  13:08  Marauder, Marine x3  
  136  13:18  Marauder  
  138  13:25  Marine x4  
  142  13:28  Orbital Command  
  142  13:29  Refinery  
  142  13:30  SCV, Marauder  
  142  13:31  SCV x2, Viking x2  
  151  13:39  Marauder  
  153  13:42  SCV  
  153  13:43  SCV x2, Marine x4  
  160  13:51  Terran Infantry Weapons Level 3, Marauder, Terran Infantry Armor Level 3  
  160  13:52  Command Center  
  160  13:53  Terran Vehicle And Ship Armor Level 1  
  160  13:55  SCV x3  
  165  13:56  Armory  
  165  13:59  Command Center  
  165  14:00  Marine  
  165  14:01  Marine x4  
  170  14:12  Marine  
  171  14:18  Marine x2  
  171  14:19  Marine x2  
  175  14:27  Medivac x2  
  175  14:30  Marauder  
  175  14:31  Thor x2  
  181  14:36  Marauder  
  195  14:52  Marauder  
  192  14:57  Medivac x2  
  194  15:20  Siege Tank  
  194  15:21  Siege Tank  
  200  15:28  Terran Vehicle Weapons Level 2  
  200  15:32  Command Center  
  177  16:57  Widow Mine x2  
  178  17:18  Widow Mine  
Tags
 
Add a new tag
Caveats
  • Supply blocks, unpowered buildings, or Contaminate may cause inaccurate times.
  • Supply counts are checked every 10 seconds.